 Dungeon Crawl Stone Soup version 0.30-a0-4-ga7cffc901d (webtiles) character file.

Game seed: 734631420551740640

1696871 greasedhog the Gargoyle Catastrophe (level 26, 192/192 HPs)
             Began as a Gargoyle Artificer on Aug 21, 2022.
             Was an Elder of Qazlal.
             Escaped with the Orb
             ... and 3 runes!
             The game lasted 02:50:49 (64769 turns).

greasedhog the Gargoyle Catastrophe (GrAr)         Turns: 64769, Time: 02:50:50

Health: 192/192    AC: 67    Str: 34    XL:     26   Next: 88%
Magic:  40/40      EV: 10    Int: 16    God:    Qazlal [****..]
Gold:   4065       SH: 37    Dex: 16    Spells: 25/25 levels left

rFire   + + +      SeeInvis .    V - +9 demon whip (flame)
rCold   + . .      Faith    .    t - +18 shield of the Gong {rElec rN+ Will+ EV-5}
rNeg    + + +      Spirit   .    L - +10 plate armour {ponderous}
rPois   ∞          Reflect  .    Y - +1 helmet of the Distant Future {Rampage Dex+3}
rElec   +          Harm     .    P - +4 dragonskin cloak
rCorr   .          Rampage  +    D - +2 pair of gloves
Will    +++++                    f - +2 pair of boots
Stlth   ..........               X - amulet of Royalty {rF++ Regen+ Int+4 Stlth-}
HPRegen 1.22/turn                M - ring of Eref {*Corrode rPois rN+ Will+++ Int-2}
MPRegen 0.27/turn                T - ring "Zoejeu Cifru" {rF+ rN+ Str+5 Dex+6}

@: flying, repel missiles, slow
A: sickness immunity, AC +20, big wings, negative energy resistance 1,
electricity resistance, torment resistance 1, petrification resistance, talons
1, clumsy 1, cold resistance 1, sense surroundings 1, strong 1
0: Orb of Zot
}: 3/15 runes: serpentine, barnacled, silver
a: Renounce Religion, Upheaval, Elemental Force


You escaped.
You worshipped Qazlal.
Qazlal was greatly pleased with you.
You visited 9 branches of the dungeon, and saw 45 of its levels.
You also visited: Trove and Gauntlet.

You collected 7745 gold pieces.
You spent 3680 gold pieces at shops.

Inventory:

Hand Weapons
 V - a +9 demon whip of flaming (weapon)
Missiles
 e - 8 throwing nets
Armour
 f - a +2 pair of boots (worn)
 t - the +18 shield of the Gong (worn) {rElec rN+ Will+ EV-5}
   (You found it on level 2 of the Vaults)

   It is deafeningly noisy when blocking attacks.
   EV:        It affects your evasion (-5).
   rElec:     It insulates you from electricity.
   rN:        It protects you from negative energy.
   Will:      It increases your willpower.
 D - a +2 pair of gloves (worn)
 K - the +2 helmet of the Louse {Str+2 Stlth+}
   (You acquired it on level 2 of the Snake Pit)

   Str:       It affects your strength (+2).
   Stlth:     It makes you more stealthy.
 L - a +10 plate armour of ponderousness (worn)
 P - the +4 dragonskin cloak (worn)
   (You took it off Tiamat on level 5 of the Realm of Zot)

   It grants the wearer a chance to resist fire, cold, poison, electricity,
   acid, and negative energy.
 Y - the +1 helmet of the Distant Future (worn) {Rampage Dex+3}
   (You bought it in a shop on level 3 of the Vaults)

   Dex:       It affects your dexterity (+3).
   Rampage:   It bestows one free step when moving towards enemies.
Jewellery
 M - the ring of Eref (left hand) {*Corrode rPois rN+ Will+++ Int-2}
   (You found it in a treasure trove)

   [ring of positive energy]

   Int:       It affects your intelligence (-2).
   rPois:     It protects you from poison.
   rN:        It protects you from negative energy.
   *Corrode:  It may corrode you when you take damage.
   Will:      It greatly increases your willpower.
 O - a ring of protection from cold
 T - the ring "Zoejeu Cifru" (right hand) {rF+ rN+ Str+5 Dex+6}
   (You bought it in a shop on level 2 of the Orcish Mines)

   [ring of dexterity]

   Str:       It affects your strength (+5).
   Dex:       It affects your dexterity (+6).
   rF:        It protects you from fire.
   rN:        It protects you from negative energy.
 W - a +4 ring of slaying
 X - the amulet of Royalty (around neck) {rF++ Regen+ Int+4 Stlth-}
   (You found it on level 2 of the Depths)

   [amulet of regeneration]

   Int:       It affects your intelligence (+4).
   rF:        It greatly protects you from fire.
   Regen:     It increases your rate of health regeneration.
   Stlth:     It makes you less stealthy.
Wands
 b - a wand of acid (23)
 c - a wand of flame (46) (quivered)
 d - a wand of charming (31)
 m - a wand of polymorph (27)
 p - a wand of digging (8)
 y - a wand of mindburst (1)
 R - a wand of roots (34)
Scrolls
 a - 2 scrolls of silence
 l - 13 scrolls of immolation
 n - 26 scrolls of teleportation
 o - a scroll of enchant armour
 s - 5 scrolls of amnesia
 v - 9 scrolls of blinking
 w - 2 scrolls of magic mapping
 x - 7 scrolls of fear
 B - 7 scrolls of summoning
 H - 2 scrolls of brand weapon
 I - 10 scrolls of butterflies
 Q - 6 scrolls of poison
Potions
 g - 10 potions of attraction
 h - a potion of berserk rage
 i - 17 potions of curing
 j - 4 potions of mutation
 k - 5 potions of magic
 r - 5 potions of brilliance
 z - 6 potions of ambrosia
 A - 2 potions of cancellation
 C - 3 potions of invisibility
 E - 7 potions of might
 F - 8 potions of lignification
 J - 2 potions of haste
 N - 9 potions of heal wounds
 U - a potion of resistance
Miscellaneous
 u - a condenser vane
 G - a lightning rod (4/4)


   Skills:
 * Level 26.4 Fighting
 - Level 12.3 Maces & Flails
 * Level 23.3 Armour
 - Level 13.1 Dodging
 - Level 1.1 Stealth
 - Level 16.0 Shields
 O Level 27 Invocations
 - Level 10.7 Evocations


You had 25 spell levels left.
You didn't know any spells.
Your spell library contained the following spells:

 Spells                   Type           Power      Damage    Failure   Level
 Magic Dart               Conj           0%         1d3       77%         1
 Sandblast                Erth           0%         2d4       77%         1
 Sting                    Tmut/Pois      0%         1d3       77%         1
 Summon Small Mammal      Summ           0%         N/A       77%         1
 Blink                    Tloc           0%         N/A       88%         2
 Call Imp                 Summ           0%         N/A       88%         2
 Ensorcelled Hibernation  Hex/Ice        0%         N/A       88%         2
 Passwall                 Tmut/Erth      0%         N/A       88%         2
 Poisonous Vapours        Pois/Air       0%         N/A       88%         2
 Searing Ray              Conj           0%         2d4       88%         2
 Wereblood                Tmut           0%         N/A       88%         2
 Call Canine Familiar     Summ           0%         N/A       98%         3
 Confusing Touch          Hex            0%         N/A       98%         3
 Conjure Flame            Conj/Fire      0%         6-21      98%         3
 Gell's Gravitas          Tloc           0%         N/A       98%         3
 Ignite Poison            Fire/Tmut/Pois 0%         N/A       98%         3
 Inner Flame              Hex/Fire       0%         N/A       98%         3
 Lesser Beckoning         Tloc           0%         N/A       98%         3
 Mephitic Cloud           Conj/Pois/Air  0%         N/A       98%         3
 Portal Projectile        Hex/Tloc       0%         N/A       98%         3
 Spider Form              Tmut/Pois      0%         N/A       98%         3
 Stone Arrow              Conj/Erth      0%         3d7       98%         3
 Summon Guardian Golem    Hex/Summ       0%         N/A       98%         3
 Swiftness                Air            0%         N/A       98%         3
 Teleport Other           Tloc           0%         N/A       98%         3
 Airstrike                Air            0%         2d(0-16)  100%        4
 Anguish                  Hex/Necr       0%         N/A       100%        4
 Cause Fear               Hex            0%         N/A       100%        4
 Corpse Rot               Necr/Pois/Air  0%         N/A       100%        4
 Fulminant Prism          Conj/Hex       0%         3d6       100%        4
 Ice Form                 Ice/Tmut       0%         N/A       100%        4
 Iskenderun's Mystic Bla  Conj/Tloc      0%         2d3       100%        4
 Leda's Liquefaction      Hex/Erth       0%         N/A       100%        4
 Olgreb's Toxic Radiance  Pois           0%         N/A       100%        4
 Petrify                  Tmut/Erth      0%         N/A       100%        4
 Sticky Flame             Conj/Fire      0%         2d3       100%        4
 Summon Ice Beast         Ice/Summ       0%         N/A       100%        4
 Summon Lightning Spire   Summ/Air       0%         N/A       100%        4
 Fireball                 Conj/Fire      0%         3d3       100%        5
 Freezing Cloud           Conj/Ice/Air   0%         6-21      100%        5
 Lee's Rapid Deconstruct  Erth           0%         3d5*      100%        5
 Lightning Bolt           Conj/Air       0%         1d11      100%        5
 Manifold Assault         Tloc           0%         N/A       100%        5
 Metabolic Englaciation   Hex/Ice        0%         N/A       100%        5
 Summon Mana Viper        Hex/Summ       0%         N/A       100%        5
 Yara's Violent Unravell  Hex/Tmut       0%         3d3       100%        5
 Dispersal                Tloc           0%         N/A       100%        6
 Simulacrum               Ice/Necr       0%         N/A       100%        6
 Starburst                Conj/Fire      0%         6d3       100%        6
 Enfeeble                 Hex            0%         N/A       100%        7
 Malign Gateway           Summ/Tloc      0%         N/A       100%        7
 Monstrous Menagerie      Summ           0%         N/A       100%        7
 Orb of Destruction       Conj           0%         9d5       100%        7
 Ozocubu's Refrigeration  Ice            0%         4d7       100%        7
 Spellforged Servitor     Conj/Summ      0%         N/A       100%        7
 Storm Form               Tmut/Air       0%         N/A       100%        7
 Summon Hydra             Summ           0%         N/A       100%        7
 Borgnjor's Revivificati  Necr           0%         N/A       100%        8
 Discord                  Hex            0%         N/A       100%        8
 Ignition                 Fire           0%         3d3       100%        8
 Necromutation            Tmut/Necr      0%         N/A       100%        8
 Summon Horrible Things   Summ           0%         N/A       100%        8
 Chain Lightning          Conj/Air       0%         N/A       100%        9
 Death's Door             Necr           0%         N/A       100%        9
 Dragon's Call            Summ           0%         N/A       100%        9
 Fire Storm               Conj/Fire      0%         5d1       100%        9
 Polar Vortex             Ice            0%         N/A       100%        9
 Shatter                  Erth           0%         3d5*      100%        9
 Sublimation of Blood     Necr           Unusable   N/A       N/A         2
 Statue Form              Tmut/Erth      Unusable   N/A       N/A         6

Dungeon Overview and Level Annotations

Branches:
Dungeon (15/15)            Temple (1/1) D:7            Lair (5/5) D:8
 Shoals (4/4) Lair:2        Snake (4/4) Lair:3        Slime (0/5) Lair:4
    Orc (2/2) D:9             Elf (0/3) Orc:2        Vaults (5/5) D:13
  Crypt (0/3) Vaults:2     Depths (4/4) D:15            Zot (5/5) Depths:4
Gauntlet (visited)

Altars:
Ashenzari
Cheibriados
Dithmenos
Elyvilon
Fedhas
Gozag
Hepliaklqana
Kikubaaqudgha
Makhleb
Nemelex Xobeh
Okawaru
Qazlal
Ru
Sif Muna
Trog
Uskayaw
Vehumet
Wu Jian
Xom
Yredelemnul
Zin
The Shining One
Jiyva

Shops:
D:10 ?   Orc:2 [*=(   Shoals:2 [   Shoals:3 *   Shoals:4 :   Vaults:1 *
Vaults:2 ?   Vaults:3 *   Vaults:4 =   Zot:1 *   Depths:1 (:!=

Portals:
Hell: Depths:1 Depths:2 Depths:3 Depths:4
Abyss: Depths:2 Depths:3
Pandemonium: Depths:1 Depths:2
Ziggurat: Depths:2

Annotations:
Lair:3 greasedhog's ghost, journeyman GrIE


Innate Abilities, Weirdness & Mutations

You are immune to sickness and miasma.
Your stone body is resilient. (AC +20)
You are immune to poison.
Your large and strong wings let you fly.
You resist negative energy. (rN+)
You are resistant to electric shocks. (rElec)
You are resistant to unholy torment.
You are immune to petrification.
You have sharp toenails.
You are clumsy. (Dex -2)
Your flesh is cold resistant. (rC+)
You passively map a small area around you.
Your muscles are strong. (Str +4, Int/Dex -1)


Message History

You whack the Orb Guardian! You burn the Orb Guardian.
The Orb Guardian is almost dead.
You block the Orb Guardian's attack.
PTOANNNG!
You thrash the Orb Guardian!! You burn the Orb Guardian.
You kill the Orb Guardian!
Qazlal accepts your kill.
(D) Dungeon (T) Temple (L) Lair (A) Shoals (P) Snake Pit (M) Slime Pits (O) Orcish Mines (E) Elven Halls (V) Vaults (C) Crypt (U) Depths (H) Hell (Z) Zot
Where to? (Enter - D:1, ? - help)
Okay, then.
Unknown command.
(D) Dungeon (T) Temple (L) Lair (A) Shoals (P) Snake Pit (M) Slime Pits (O) Orcish Mines (E) Elven Halls (V) Vaults (C) Crypt (U) Depths (H) Hell (Z) Zot
Where to? (Enter - D:1, ? - help)
There is a stone staircase leading up here.
You fly upwards.
There is a stone staircase leading down here.
There is a stone staircase leading up here.
You fly upwards.
There is a stone staircase leading down here.
(D) Dungeon (T) Temple (L) Lair (A) Shoals (P) Snake Pit (M) Slime Pits (O) Orcish Mines (E) Elven Halls (V) Vaults (C) Crypt (U) Depths (H) Hell (Z) Zot
Where to? (Enter - D:1, ? - help)
Okay, then.
Aiming: Dig
Press: ? - help, Shift-Dir - straight line This square is covered in magical glow.
The rock shatters into small pieces.
There is an open door here.
There is a staircase leading out of the dungeon here.
You can't go down here!
Unknown command.
You have escaped!

##.###################...........
.....# ####.........#####.####..
###### ##...####'####...##..# #..
##.#### #...# ####.##.###.. #.##
#...# ##.#..##..
####.########'### ####.##.....
####.#.##~..##..☼..###.~##.#.##..
...#.#.#≈~..#..○°○..#..~≈#.#.##..
.......#≈~..'...@...'..~~.......#
...#.#.#≈~..#.○°....#..~≈#.#....#
####.#.##~..##.....###.≈##.#....#
####.##.########+### ####.##....#
......#.## #...# ##.##..#.#
###...##.#### #...# ####.##.....#
......###...####'####...###...#.#
###...# ####.........######...#.#
###...# ###########..........#


There were no monsters in sight!

Vanquished Creatures
  An ancient lich (Zot:4)
  6 dread liches
  Tiamat (Zot:5)
  2 pandemonium lords
  5 orbs of fire (Zot:5)
  Josephina (Depths:2)
  8 Killer Klowns
  Bai Suzhen (D:15)
  Margery (Vaults:5)
  Saint Roka (Orc:2)
  Xtahua (Vaults:5)
  A curse toe (Zot:1)
  A caustic shrike (Depths:3)
  10 golden dragons
  The ghost of Marixus the Executioner, an adept HOFi of Beogh (Vaults:3)
  Nikola (Depths:1)
  2 electric golems (Zot:5)
  A bone dragon (Depths:3)
  2 hellephants
  2 Brimstone Fiends
  9 tentacled monstrosities
  7 liches
  An Ice Fiend (D:6)
  25 Orb Guardians
  2 titans (Vaults:5)
  5 quicksilver dragons
  7 sphinxes
  5 death cobs
  An eldritch tentacle (D:3)
  11 storm dragons
  6 draconian monks
  10 shadow dragons
  7 nagarajas
  6 tengu reavers
  A revenant (Vaults:2)
  20 fire giants
  A fire giant (shapeshifter) (Vaults:5)
  3 draconian knights
  A daeva (D:8)
  An iron dragon (Depths:4)
  2 deep elf sorcerers (Vaults:5)
  12 vault wardens
  12 draconian scorchers
  Aizul (Shoals:2)
  A ghost moth (Zot:2)
  12 frost giants
  An orc warlord (Orc:2)
  A curse skull (Depths:2)
  8 draconian stormcallers
  3 balrugs
  Louise (Depths:3)
  2 spriggan defenders (Depths:4)
  30 very ugly things
  4 draconian shifters
  3 reapers
  5 war gargoyles
  11 draconian annihilators
  20 ironbound preservers
  18 stone giants
  2 demonspawn corrupters
  6 ironbound thunderhulks
  12 green draconians
  7 red draconians
  2 vampire knights
  3 deep elf demonologists
  3 entropy weavers
  3 deep elf annihilators
  20 yellow draconians
  7 dire elephants
  14 black draconians
  9 purple draconians
  5 spark wasps
  15 white draconians
  2 deep elf death magi
  15 merfolk impalers
  A minotaur (Gauntlet)
  3 crystal guardians (Vaults:2)
  16 ettins
  7 fire dragons
  4 deep elf high priests
  14 yaktaur captains
  4 great orbs of eyes
  4 merfolk javelineers
  2 rakshasas
  30 vault guards
  A boulder beetle (D:11)
  Erolcha (D:13)
  2 hell beasts
  A catoblepas (D:14)
  3 spriggan air magi
  3 peacekeepers (Vaults:2)
  8 ice dragons
  6 merfolk aquamancers
  4 ogre magi
  A caustic shrike simulacrum (Depths:2)
  11 ironbound frosthearts
  4 hydras
  12 anacondas
  11 two-headed ogres
  A juggernaut simulacrum (Depths:2)
  4 merfolk avatars
  17 centaur warriors
  3 alligator snapping turtles
  A death knight (Vaults:2)
  4 tengu warriors
  19 naga warriors
  3 deep troll earth magi
  A satyr (Shoals:3)
  A vampire mage (Depths:2)
  4 deep troll shamans
  13 death yaks
  5 hell hogs
  13 naga sharpshooters
  6 shock serpents (Snake:2)
  An orc high priest (Orc:2)
  5 sun demons
  10 soul eaters
  13 hell knights
  9 iron trolls
  A deep elf knight (D:14)
  2 salamander mystics (Depths:4)
  A fire crab (Lair:5)
  17 sea snakes
  56 deep trolls
  A cherub (D:10)
  A flayed ghost (Depths:3)
  A sixfirhy (Gauntlet)
  A quicksilver dragon simulacrum (Depths:2)
  6 naga ritualists
  A spriggan simulacrum (Depths:2)
  2 shadow demons
  8 lindwurms
  5 glowing orange brains
  21 ironbound convokers
  11 wizards
  A harpy (shapeshifter) (D:13)
  4 orc knights (Orc:2)
  14 harpies
  2 kraken simulacra (Shoals:4)
  3 obsidian statues
  6 necromancers
  3 deep elf archers
  2 mana vipers
  5 deep elf pyromancers
  3 wolf spiders
  A mana viper (shapeshifter) (D:13)
  8 phantasmal warriors
  2 oklob plants (Shoals:4)
  2 tengu skeletons (Vaults:3)
  37 ugly things
  3 fauns (Shoals:3)
  28 moths of wrath
  A human zombie (Vaults:3)
  30 manticores
  4 orc sorcerers
  17 salamanders
  A manticore (shapeshifter) (Depths:3)
  10 cyclopes
  6 elephants
  A fire giant skeleton (Vaults:3)
  A rust devil (Depths:3)
  3 water nymphs
  8 merfolk sirens
  7 guardian serpents
  16 naga magi
  32 black mambas
  An eye of devastation (shapeshifter) (Depths:4)
  An ice statue (D:14)
  20 vault sentinels
  A water nymph (shapeshifter) (Depths:3)
  15 cane toads
  A kobold demonologist (D:11)
  A torpor snail (Lair:5)
  A rime drake (Lair:5)
  2 unseen horrors
  A hellion (D:9)
  An orange demon (Depths:1)
  A freezing wraith (Vaults:2)
  10 komodo dragons
  A hellwing (D:4)
  3 tengu conjurers
  2 tormentors
  3 efreet
  28 yaktaurs
  3 ice devils
  A meliai (shapeshifter) (D:13)
  A meliai (D:13)
  A silent spectre (Depths:2)
  2 polar bears
  30 merfolk
  12 trolls
  5 wind drakes
  4 hornets
  17 slime creatures
  A spriggan zombie (Depths:1)
  13 dream sheep
  A frost giant simulacrum (Depths:2)
  6 snapping turtles
  19 blink frogs
  3 spriggans
  2 wraiths
  A wyvern (shapeshifter) (Vaults:4)
  A vampire (D:11)
  2 ynoxinuls
  12 water elementals
  11 wyverns
  48 yaks
  A steam dragon (D:6)
  6 vampire mosquitoes
  2 neqoxecs
  9 redbacks
  9 basilisks
  A chaos spawn (Depths:3)
  A warg (Orc:2)
  Edmund (D:6)
  A large abomination (D:3)
  45 nagas
  18 water moccasins
  3 acid dragons
  2 glowing shapeshifter skeletons (Depths:1)
  2 swamp drakes (Lair:5)
  32 orc warriors
  5 black bears
  14 ogres
  3 sky beasts
  4 ice beasts
  7 boggarts
  21 wolves
  18 centaurs
  A phantom (D:5)
  8 kobold brigands
  9 bullfrogs
  2 gnoll sergeants
  3 scorpions
  5 wights
  4 killer bees (D:10)
  9 electric eels
  4 howler monkeys
  Crazy Yiuf (D:3)
  2 gnoll boudas
  16 orc priests
  A hound (D:5)
  3 jellies
  2 iron imps (Gauntlet)
  Natasha (thrice) (D:3)
  3 iguanas
  26 orc wizards
  4 hell rats (Lair:1)
  11 adders
  14 gnolls
  3 shadow imps
  3 ufetubi
  A dart slug (D:2)
  80 orcs
  4 bats
  4 endoplasms
  2 giant cockroaches (D:2)
  6 goblins
  7 hobgoblins
  5 quokkas
  11 ball pythons
  2 frilled lizards
  39 kobolds
  6 rats
1930 creatures vanquished.

Vanquished Creatures (collateral kills)
  An orb of fire (Zot:5)
  A tentacled monstrosity (Zot:1)
  An Orb Guardian (Zot:5)
  A vault warden (Vaults:2)
  A draconian annihilator (Zot:1)
  A purple draconian (Zot:1)
  A red draconian (Zot:5)
  A yellow draconian (Zot:1)
  A death yak (D:8)
  Urug (Lair:3)
  A swamp dragon (Lair:5)
  A deep troll (Vaults:2)
  A cane toad (Lair:5)
  A troll (Orc:2)
  A black bear (D:8)
  A swamp drake (Lair:5)
  An orc warrior (Orc:2)
  An orc priest (D:7)
  2 gnolls
  An orc (D:7)
  A kobold (D:4)
22 creatures vanquished.

Vanquished Creatures (others)
  A purple draconian (Zot:2)
  A vault guard (Vaults:5)
  An elephant (Lair:2)
  An ugly thing (D:14)
  A human (Depths:2)
  A wolf (Lair:5)
  A jelly (D:7)
  An iguana (Lair:5)
  2 kobolds
  50 fungi
  107 plants
  9 tentacles (Shoals:4)
176 creatures vanquished.

Grand Total: 2128 creatures vanquished

Notes
Turn   | Place    | Note
-------+----------+-------------------------------------------
     0 | D:1      | greasedhog the Gargoyle Artificer began the quest for the
                  | Orb.
     0 | D:1      | Reached XP level 1. HP: 12/12 MP: 1/1
   338 | D:1      | Reached skill level 1 in Maces & Flails
   338 | D:1      | Reached XP level 2. HP: 9/17 MP: 2/2
  1399 | D:1      | Found a faded altar of an unknown god.
  1410 | D:1      | Reached XP level 3. HP: 21/21 MP: 3/3
  2136 | D:2      | Reached XP level 4. HP: 17/27 MP: 4/4
  2942 | D:3      | Noticed Natasha
  2953 | D:3      | Killed Natasha
  3287 | D:3      | Found a runed translucent door.
  3288 | D:3      | Noticed Crazy Yiuf
  3300 | D:3      | Killed Crazy Yiuf
  3301 | D:3      | Reached XP level 5. HP: 33/33 MP: 5/5
  3305 | D:3      | Identified the +0 hammer "Loziocae" {vorpal, rPois Will-
                  | Str+4}
  3399 | D:3      | Noticed Natasha
  3408 | D:3      | Killed Natasha
  3595 | D:3      | Found a sacrificial altar of Ru.
  3607 | D:3      | Noticed Natasha
  3614 | D:3      | Killed Natasha
  3907 | D:4      | Noticed a black bear
  3910 | D:4      | Killed a black bear
  3911 | D:4      | Reached XP level 6. HP: 40/40 MP: 6/6
  3919 | D:4      | Noticed a black bear
  3924 | D:4      | Killed a black bear
  3925 | D:4      | Reached skill level 5 in Fighting
  3963 | D:4      | Reached XP level 7. HP: 39/44 MP: 7/7
  4328 | D:4      | Reached skill level 5 in Maces & Flails
  4426 | D:4      | Found a white marble altar of Elyvilon.
  4609 | D:5      | Entered Level 5 of the Dungeon
  4925 | D:5      | Reached XP level 8. HP: 49/49 MP: 8/8
  4929 | D:5      | Reached skill level 5 in Armour
  5046 | D:5      | Found a glowing silver altar of Zin.
  5128 | D:5      | Reached skill level 1 in Dodging
  5853 | D:6      | Got the Anthology of Compression
  5854 | D:6      | Noticed Edmund
  5877 | D:6      | Killed Edmund
  5878 | D:6      | Found a hide-covered altar of Uskayaw.
  6119 | D:6      | Identified the +1 chain mail "Astruqyfi" {+Blink Str+6
                  | Dex-3 Slay-2}
  6372 | D:6      | Reached XP level 9. HP: 54/54 MP: 9/9
  7332 | D:7      | Reached skill level 5 in Dodging
  7641 | D:7      | Found a staircase to the Ecumenical Temple.
  7658 | Temple   | Entered the Ecumenical Temple
  7860 | Temple   | Became a worshipper of Qazlal Stormbringer
  8865 | D:7      | Reached XP level 10. HP: 15/59 MP: 10/10
  9582 | D:8      | Noticed an elephant
  9584 | D:8      | Noticed a death yak
  9585 | D:8      | Reached skill level 5 in Evocations
  9590 | D:8      | Reached skill level 10 in Maces & Flails
  9597 | D:8      | Killed a death yak
  9616 | D:8      | Killed an elephant
  9673 | D:8      | Found a staircase to the Lair.
  9711 | D:8      | Reached * piety under Qazlal
  9779 | D:8      | Reached skill level 1 in Invocations
  9798 | D:8      | Reached skill level 2 in Invocations
 10231 | D:8      | Reached skill level 3 in Invocations
 10871 | D:8      | Reached ** piety under Qazlal
 10892 | D:9      | Found a glowing golden altar of the Shining One.
 10955 | D:9      | Found a broken altar of Ashenzari.
 11063 | D:9      | Reached skill level 4 in Invocations
 11139 | D:9      | Reached skill level 5 in Invocations
 11152 | D:9      | Reached XP level 11. HP: 30/64 MP: 8/14
 11581 | D:9      | Found a staircase to the Orcish Mines.
 11934 | Lair:1   | Entered Level 1 of the Lair of Beasts
 11934 | Lair:1   | Found a gate leading to a gauntlet.
 11944 | Gauntlet | Entered a Gauntlet
 11944 | Gauntlet | Found a transporter.
 11944 | Gauntlet | Found a transporter.
 11944 | Gauntlet | Found a transporter.
 11954 | Gauntlet | Found a transporter.
 11957 | Gauntlet | Found a transporter.
 11961 | Gauntlet | Noticed a sixfirhy
 11964 | Gauntlet | Noticed a lindwurm
 11964 | Gauntlet | a yaktaur changed into a lindwurm
 11966 | Gauntlet | Found a transporter.
 11968 | Gauntlet | Found a transporter.
 11974 | Gauntlet | Found a runed translucent gate.
 11974 | Gauntlet | Found a runed translucent gate.
 11974 | Gauntlet | Found a runed translucent gate.
 11974 | Gauntlet | Noticed a blizzard demon
 11976 | Gauntlet | Found a transporter.
 11994 | Gauntlet | Found a transporter.
 11996 | Gauntlet | Noticed an obsidian statue
 12014 | Gauntlet | Found a transporter.
 12016 | Gauntlet | Found a transporter.
 12017 | Gauntlet | Noticed a sixfirhy
 12026 | Gauntlet | Found a transporter.
 12064 | Gauntlet | Noticed an orb spider
 12069 | Gauntlet | Noticed a two-headed ogre
 12069 | Gauntlet | an orb spider changed into a two-headed ogre
 12094 | Gauntlet | Noticed a fire crab
 12101 | Gauntlet | Noticed a shock serpent
 12101 | Gauntlet | a two-headed ogre changed into a shock serpent
 12110 | Gauntlet | a shock serpent changed into an elephant
 12112 | Gauntlet | Noticed a death drake
 12112 | Gauntlet | an elephant changed into a death drake
 12158 | Gauntlet | Killed a sixfirhy
 12159 | Gauntlet | Reached skill level 6 in Invocations
 12166 | Gauntlet | Noticed a swamp dragon
 12228 | Gauntlet | Killed an obsidian statue
 12229 | Gauntlet | Identified the +1 pair of gloves of Valiance {rF+ Str-3
                  | Int+3}
 12343 | Gauntlet | Noticed a minotaur
 12356 | Gauntlet | Killed a minotaur
 12357 | Gauntlet | Reached skill level 7 in Invocations
 13042 | Lair:1   | Reached skill level 8 in Invocations
 13228 | Lair:1   | Noticed a five-headed hydra
 13271 | Lair:1   | Killed a five-headed hydra
 13272 | Lair:1   | Reached skill level 9 in Invocations
 13475 | Lair:1   | Reached XP level 12. HP: 60/73 MP: 18/18
 13476 | Lair:1   | Noticed a six-headed hydra
 13492 | Lair:1   | HP: 3/73 [six-headed hydra (6)]
 13497 | Lair:1   | Killed a six-headed hydra
 14500 | Lair:2   | Reached skill level 10 in Invocations
 14612 | Lair:2   | Reached *** piety under Qazlal
 15097 | Lair:2   | Reached skill level 11 in Invocations
 15405 | Lair:2   | Reached skill level 10 in Fighting
 15414 | Lair:2   | Found a staircase to the Shoals.
 16727 | Lair:3   | Noticed Urug
 16745 | Lair:3   | Killed Urug
 16746 | Lair:3   | Reached skill level 12 in Invocations
 16746 | Lair:3   | Reached XP level 13. HP: 40/84 MP: 16/22
 17132 | Lair:3   | Found a staircase to the Snake Pit.
 17690 | Lair:3   | Found a large runed translucent door.
 17690 | Lair:3   | Found a large runed translucent door.
 17761 | Lair:3   | Noticed greasedhog's ghost (journeyman GrIE)
 18586 | Lair:4   | Identified the +9 whip "Zieti" {speed, +Blink rN+}
 18946 | Lair:4   | Reached skill level 13 in Invocations
 19142 | Lair:4   | Found a staircase to the Slime Pits.
 19142 | Lair:4   | Found a viscous altar of Jiyva.
 19477 | Lair:5   | Entered Level 5 of the Lair of Beasts
 19969 | Lair:4   | Reached **** piety under Qazlal
 20295 | Lair:5   | Reached skill level 14 in Invocations
 20576 | Lair:5   | Gained mutation: Your large and strong wings let you fly.
                  | [Gargoyle growth]
 20576 | Lair:5   | Reached XP level 14. HP: 87/95 MP: 24/24
 20875 | Lair:5   | Reached skill level 15 in Invocations
 21122 | Lair:5   | Reached ***** piety under Qazlal
 21485 | Lair:5   | Reached skill level 15 in Fighting
 22794 | Orc:1    | Entered Level 1 of the Orcish Mines
 23102 | Orc:2    | Entered Level 2 of the Orcish Mines
 23150 | Orc:2    | Reached skill level 16 in Invocations
 23550 | Orc:2    | Found a staircase to the Elven Halls.
 23669 | Orc:2    | Noticed Saint Roka
 23709 | Orc:2    | Killed Saint Roka
 23984 | Orc:2    | Reached XP level 15. HP: 74/103 MP: 27/27
 24052 | Orc:2    | Noticed an orc warlord
 24073 | Orc:2    | Killed an orc warlord
 24392 | Orc:2    | Found Lixt's Jewellery Boutique.
 24445 | Orc:2    | Found Gonut's Antique Weapon Boutique.
 24540 | Orc:2    | Found Itaismu's Antique Armour Boutique.
 24582 | Orc:2    | Found Ymiy's General Store.
 24589 | Orc:2    | Bought a scroll of acquirement for 728 gold pieces
 24594 | Orc:2    | Acquired a manual of Dodging
 24691 | Orc:2    | Found a bloodstained altar of Trog.
 24817 | D:10     | Entered Level 10 of the Dungeon
 24947 | D:10     | Found Poucwoim's Magic Scroll Emporium.
 24952 | D:10     | Found a hazy altar of Hepliaklqana.
 24956 | D:10     | Bought a scroll of blinking for 97 gold pieces
 24956 | D:10     | Bought a scroll of summoning for 123 gold pieces
 24956 | D:10     | Bought a scroll of fear for 52 gold pieces
 24956 | D:10     | Bought a scroll of enchant armour for 97 gold pieces
 24956 | D:10     | Bought a scroll of fear for 52 gold pieces
 25585 | D:11     | Reached skill level 17 in Invocations
 25602 | D:11     | Identified the +1 ring mail "Liellau" {rElec Will- Int+2}
 25887 | D:11     | Found a transporter.
 25890 | D:11     | Found a transporter.
 25912 | D:11     | Found a transporter.
 26001 | D:11     | Found a transporter.
 26464 | D:12     | You are sucked into a shaft and drop 1 floor!
 26495 | D:13     | Found a broken altar of Ashenzari.
 27221 | D:13     | Noticed Erolcha
 27243 | D:13     | Killed Erolcha
 27410 | D:13     | Found a gate to the Vaults.
 28539 | D:14     | Reached skill level 10 in Armour
 28745 | D:14     | Identified the +9 sling "Optuv" {venom, rN+}
 28945 | D:15     | Entered Level 15 of the Dungeon
 29033 | D:15     | Found an ornate altar of the Wu Jian Council.
 29296 | D:15     | Reached XP level 16. HP: 108/108 MP: 28/28
 29315 | D:15     | Reached skill level 1 in Shields
 29358 | D:15     | Reached skill level 18 in Invocations
 29827 | D:15     | Found a staircase to the Depths.
 30139 | Snake:1  | Entered Level 1 of the Snake Pit
 30389 | Snake:1  | Reached skill level 10 in Dodging
 31198 | Snake:2  | Reached skill level 5 in Shields
 31285 | Snake:2  | Acquired the +2 helmet of the Louse {Str+2 Stlth+}
 31393 | Snake:2  | Reached ****** piety under Qazlal
 31466 | Snake:2  | Noticed a nagaraja
 31483 | Snake:2  | Killed a nagaraja
 31609 | Snake:2  | Identified the +9 quarterstaff of Dried Tears {venom,
                  | rPois}
 32247 | Snake:3  | Reached skill level 19 in Invocations
 32559 | Snake:3  | Reached XP level 17. HP: 75/113 MP: 26/30
 33291 | Snake:4  | Entered Level 4 of the Snake Pit
 33491 | Snake:4  | Identified the +10 dagger "Omeffitz" {venom, *Noise Fly
                  | rElec Stlth+}
 34464 | Snake:4  | Reached skill level 20 in Invocations
 34752 | Snake:4  | Got a serpentine rune of Zot
 34945 | Shoals:1 | Entered Level 1 of the Shoals
 35387 | Shoals:1 | Reached skill level 10 in Shields
 35709 | Shoals:1 | Reached XP level 18. HP: 119/119 MP: 32/32
 35965 | Shoals:2 | Noticed Aizul
 35965 | Shoals:2 | Found Roexas's Antique Armour Shop.
 35975 | Shoals:2 | Killed Aizul
 37217 | Shoals:3 | Identified the +1 robe of the Lonely Ships {Drain rCorr
                  | Str+2 Dex+9}
 37378 | Shoals:3 | Found Nakhi's CLEARANCE SALE!.
 37387 | Shoals:3 | Bought a potion of curing for 15 gold pieces
 37387 | Shoals:3 | Bought a wand of charming (5) for 60 gold pieces
 37967 | Shoals:4 | Entered Level 4 of the Shoals
 37967 | Shoals:4 | Found a frozen archway.
 38135 | Shoals:4 | Reached skill level 21 in Invocations
 38426 | Shoals:4 | Found Wuixek's Book Shoppe.
 39257 | Shoals:4 | Reached XP level 19. HP: 44/124 MP: 29/33
 39263 | Shoals:4 | Got a barnacled rune of Zot
 39586 | Vaults:1 | Entered Level 1 of the Vaults
 39792 | Vaults:1 | Reached skill level 10 in Evocations
 40166 | Vaults:1 | Found Yxozys Pafu's General Store.
 40174 | Vaults:1 | Bought a +2 pair of gloves for 297 gold pieces
 40174 | Vaults:1 | Bought a potion of curing for 54 gold pieces
 41470 | Vaults:2 | Reached skill level 22 in Invocations
 41987 | Vaults:2 | Found Cougua's Magic Scroll Shop.
 42118 | Vaults:2 | Bought a scroll of blinking for 142 gold pieces
 42118 | Vaults:2 | Bought a scroll of teleportation for 57 gold pieces
 42118 | Vaults:2 | Bought a scroll of teleportation for 57 gold pieces
 43151 | Vaults:2 | Found a staircase to the Crypt.
 43232 | Vaults:2 | Found the +18 shield of the Gong {rElec rN+ Will+ EV-5}
 43461 | Vaults:2 | Reached skill level 15 in Shields
 43461 | Vaults:2 | Reached XP level 20. HP: 129/129 MP: 35/35
 44067 | Vaults:3 | Reached skill level 23 in Invocations
 44471 | Vaults:3 | Found a portal to a secret trove of treasure.
 44561 | Vaults:3 | Gained mutation: You are robust. (+10% HP) [mutagenic glow]
 44564 | Vaults:3 | Noticed a Brimstone Fiend
 44583 | Vaults:3 | Killed a Brimstone Fiend
 44584 | Vaults:3 | Gained mutation: Your magical capacity is low. (-10% MP)
                  | [mutagenic glow]
 44599 | Vaults:3 | Gained mutation: Your spells are a little easier to cast,
                  | but a little less powerful. [mutagenic glow]
 45297 | Vaults:3 | Found a runed translucent gate.
 45297 | Vaults:3 | Found a runed translucent gate.
 45297 | Vaults:3 | Found an opulent altar of Gozag.
 45297 | Vaults:3 | Found a runed translucent gate.
 45297 | Vaults:3 | Found Paeklaed's Assorted Antiques.
 45297 | Vaults:3 | Noticed Marixus's ghost (adept HOFi)
 45694 | Vaults:4 | Reached skill level 24 in Invocations
 45832 | Vaults:4 | Reached XP level 21. HP: 96/147 MP: 33/33
 45990 | Vaults:4 | Got the Commentary on Invitation
 46702 | Vaults:4 | Found Jillad's Jewellery Shop.
 47222 | Depths:1 | Entered Level 1 of the Depths
 47467 | Depths:1 | Noticed Bai Suzhen
 47556 | D:15     | Killed Bai Suzhen
 47647 | D:15     | HP: 3/147 [something/bolt of cold (62)]
 48035 | Orc:2    | Bought the ring "Zoejeu Cifru" {rF+ rN+ Str+5 Dex+6} for
                  | 647 gold pieces
 48557 | Depths:1 | Identified the +7 war axe of Fatigue {drain, Fragile Int+6}
 48558 | Depths:1 | Noticed Nikola
 48579 | Depths:1 | Killed Nikola
 48675 | Depths:1 | Found a gateway to Hell.
 48678 | Depths:1 | Found Ynopiala's Distillery.
 48682 | Depths:1 | Found Hiadig's Jewellery Emporium.
 48682 | Depths:1 | Found Bupn's Weapon Shoppe.
 48685 | Depths:1 | Found Weizuw's Book Shoppe.
 48714 | Depths:1 | Bought a potion of heal wounds for 105 gold pieces
 48714 | Depths:1 | Bought a potion of heal wounds for 105 gold pieces
 48714 | Depths:1 | Bought a potion of heal wounds for 105 gold pieces
 48714 | Depths:1 | Bought a potion of might for 84 gold pieces
 48714 | Depths:1 | Bought a potion of curing for 63 gold pieces
 48714 | Depths:1 | Bought 2 potions of heal wounds for 210 gold pieces
 48714 | Depths:1 | Bought a potion of curing for 63 gold pieces
 48909 | Depths:1 | Found a one-way gate leading to the halls of Pandemonium.
 49358 | Depths:2 | Reached skill level 15 in Armour
 49557 | Depths:2 | Identified the ring "Quthiz" {Ice Slay+2}
 49557 | Depths:2 | Noticed Josephina
 49606 | Depths:2 | Killed Josephina
 49685 | Depths:2 | Reached skill level 25 in Invocations
 50034 | Depths:2 | Got the Parchment of Sinister Frostbite
 50146 | Depths:2 | Found a one-way gateway to a ziggurat.
 50332 | Depths:2 | Found a one-way gate to the infinite horrors of the Abyss.
 50365 | Depths:2 | Found a runed door.
 50631 | Depths:2 | Noticed a dread lich
 50643 | Depths:2 | Killed a dread lich
 50645 | Depths:2 | Noticed a dread lich
 50657 | Depths:2 | Killed a dread lich
 50721 | Depths:2 | Identified the ring "Rurphelly" {AC+4 Str+2 Dex+4}
 50735 | Depths:2 | Identified the +8 arbalest of the Past {elec, *Corrode
                  | Str+4 Dex+2}
 50753 | Depths:2 | Identified the amulet of Royalty {rF++ Regen+ Int+4 Stlth-}
 50770 | Depths:2 | Identified the +0 shortbow of the Mosquito {speed, rElec
                  | Dex+4}
 50771 | Depths:2 | Acquired 693 gold pieces
 50903 | Depths:2 | Reached XP level 22. HP: 156/158 MP: 33/34
 51668 | Depths:3 | Noticed Louise
 51697 | Depths:3 | Gained mutation: Your body sometimes deteriorates upon
                  | taking damage. [a neqoxec]
 51705 | Depths:3 | Killed Louise
 52038 | Depths:3 | Reached skill level 26 in Invocations
 52052 | Depths:3 | Noticed a golden dragon
 52072 | Depths:3 | Killed a golden dragon
 52148 | Depths:3 | Identified the +3 scimitar of Indomitability {freeze, rElec
                  | rN+ Will-}
 52158 | Depths:3 | Noticed a caustic shrike
 52158 | Depths:3 | Noticed a golden dragon
 52160 | Depths:3 | Killed a golden dragon
 52160 | Depths:3 | Killed a caustic shrike
 52742 | Depths:4 | Entered Level 4 of the Depths
 53045 | Depths:4 | Found a blossoming altar of Fedhas.
 53416 | Depths:4 | Found a gate to the Realm of Zot.
 54211 | Vaults:3 | Killed Marixus's ghost
 54223 | Vaults:3 | Bought a heavily runed helmet for 323 gold pieces
 54223 | Vaults:3 | Identified the +1 helmet of the Distant Future {Rampage
                  | Dex+3} (You bought it in a shop on level 3 of the Vaults)
 54329 | Vaults:5 | Entered Level 5 of the Vaults
 54333 | Vaults:5 | Noticed Xtahua
 54351 | Vaults:5 | Reached XP level 23. HP: 107/170 MP: 36/36
 54357 | Vaults:5 | Reached skill level 27 in Invocations
 54360 | Vaults:5 | Killed Xtahua
 54360 | Vaults:5 | Noticed a golden dragon
 54372 | Vaults:5 | Noticed a dread lich
 54379 | Vaults:5 | Killed a golden dragon
 54387 | Vaults:5 | Noticed Margery
 54395 | Vaults:4 | Paralysed by something for 3 turns
 54408 | Vaults:4 | Killed a dread lich
 54538 | Vaults:5 | Killed Margery
 54787 | Vaults:5 | Acquired 789 gold pieces
 55152 | Vaults:5 | Identified the +10 scimitar of Demil {pain, rPois rC+
                  | Dex-3}
 55194 | Vaults:5 | Identified the +10 falchion of the Original Sin {vorpal,
                  | rPois rF- Str+4 Stlth+}
 55430 | Vaults:5 | Reached XP level 24. HP: 182/182 MP: 36/36
 55670 | Vaults:5 | Got a silver rune of Zot
 55702 | Vaults:5 | Identified the +10 dagger "Gram" {freeze, rF+ rC+ Will-
                  | Str+5}
 56287 | Zot:1    | Entered Level 1 of the Realm of Zot
 56328 | Zot:1    | Noticed a curse toe
 56364 | Zot:1    | Killed a curse toe
 57182 | Vaults:3 | You paid a toll of 4 potions of resistance to enter a
                  | treasure trove
 57183 | Trove    | Entered a treasure trove
 57187 | Trove    | Identified the ring "Put-Me-On" {Contam rN+ MP+9 Int+3}
 57188 | Trove    | Identified the ring "Repie" {rElec Int+6}
 57189 | Trove    | Identified the ring "Onadyap" {Fire rElec rPois}
 57192 | Trove    | Identified the amulet of Yrhed {Acrobat +Inv}
 57194 | Trove    | Identified the ring of the Last Xenops {rCorr Int+2 SInv}
 57195 | Trove    | Identified the ring of Day {rN++ SInv}
 57197 | Trove    | Identified the ring of the Snail {Will+ rCorr Int+4 Slay-6}
 57198 | Trove    | Identified the amulet of Posurua {Acrobat Will- Str+4
                  | Int+5}
 57199 | Trove    | Identified the ring "Zibaor Dasi" {rF+ rC++ rCorr AC+4}
 57201 | Trove    | Identified the ring of Eref {*Corrode rPois rN+ Will+++
                  | Int-2}
 58215 | Zot:1    | Identified the +7 arbalest of Focs {elec, rF+ rN+ Int+6}
 58273 | Zot:1    | Found Tatecw's Changing Room.
 58282 | Zot:1    | Bought a potion of mutation for 144 gold pieces
 58587 | Zot:2    | Noticed a Killer Klown
 58662 | Zot:1    | Killed a Killer Klown
 58846 | Zot:1    | Reached XP level 25. HP: 117/193 MP: 36/36
 62065 | Zot:5    | Entered Level 5 of the Realm of Zot
 62485 | Zot:5    | Noticed a Killer Klown
 62489 | Zot:5    | Noticed an orb of fire
 62497 | Zot:5    | Noticed an orb of fire
 62504 | Zot:5    | Noticed an orb of fire
 62509 | Zot:5    | Noticed a dread lich
 62513 | Zot:5    | Killed a dread lich
 62513 | Zot:5    | Killed an orb of fire
 62513 | Zot:5    | Killed a dread lich
 62513 | Zot:5    | Noticed a Killer Klown
 62516 | Zot:5    | Gained mutation: You occasionally lose the ability to read
                  | scrolls when taking damage. [an orb of fire]
 62516 | Zot:5    | Gained mutation: You are clumsy. (Dex -2) [an orb of fire]
 62518 | Zot:5    | Gained mutation: You occasionally lose the ability to drink
                  | potions when taking damage. [an orb of fire]
 62520 | Zot:5    | Noticed an orb of fire
 62521 | Zot:5    | Killed a Killer Klown
 62521 | Zot:5    | Killed a Killer Klown
 62521 | Zot:5    | Killed an orb of fire
 62521 | Zot:5    | Noticed an orb of fire
 62521 | Zot:5    | Gained mutation: Your flesh is heat resistant. (rF+) [an
                  | orb of fire]
 62522 | Zot:5    | Reached XP level 26. HP: 179/205 MP: 15/36
 62523 | Zot:5    | Noticed a Killer Klown
 62526 | Zot:5    | Killed an orb of fire
 62527 | Zot:5    | Noticed a Killer Klown
 62536 | Zot:5    | Killed an orb of fire
 62537 | Zot:5    | Noticed an ancient lich
 62538 | Zot:5    | Gained mutation: You are dopey. (Int -2) [an orb of fire]
 62548 | Zot:5    | Killed an orb of fire
 62777 | Zot:4    | Killed a Killer Klown
 62797 | Zot:4    | Killed an ancient lich
 62850 | Zot:5    | Killed a Killer Klown
 62879 | Zot:5    | Noticed a Killer Klown
 62898 | Zot:5    | Killed a Killer Klown
 62932 | Zot:5    | Noticed a Killer Klown
 62947 | Zot:5    | Killed a Killer Klown
 62951 | Zot:5    | Found the +4 dragonskin cloak
 62951 | Zot:5    | Noticed Tiamat
 62955 | Zot:5    | Noticed a Killer Klown
 62966 | Zot:5    | Noticed an orb of fire
 62984 | Zot:5    | Noticed a dread lich
 62990 | Zot:5    | Gained mutation: Your body often deteriorates upon taking
                  | damage. [an orb of fire]
 62996 | Zot:5    | Gained mutation: You sometimes lose your temper in combat.
                  | [an orb of fire]
 63004 | Zot:5    | Killed an orb of fire
 63223 | Zot:5    | Killed a dread lich
 63368 | Zot:4    | Lost mutation: Your spells are a little easier to cast, but
                  | a little less powerful. [potion of mutation]
 63368 | Zot:4    | Lost mutation: You occasionally lose the ability to read
                  | scrolls when taking damage. [potion of mutation]
 63368 | Zot:4    | Lost mutation: Your body often deteriorates upon taking
                  | damage. [potion of mutation]
 63368 | Zot:4    | Lost mutation: You are robust. (+10% HP) [potion of
                  | mutation]
 63369 | Zot:4    | Lost mutation: You occasionally lose the ability to drink
                  | potions when taking damage. [potion of mutation]
 63369 | Zot:4    | Lost mutation: You sometimes lose your temper in combat.
                  | [potion of mutation]
 63369 | Zot:4    | Lost mutation: Your flesh is heat resistant. (rF+) [potion
                  | of mutation]
 63369 | Zot:4    | Gained mutation: You are frail. (-10% HP) [potion of
                  | mutation]
 63369 | Zot:4    | Gained mutation: You are weak. (Str -2) [potion of
                  | mutation]
 63370 | Zot:4    | Lost mutation: You are dopey. (Int -2) [potion of mutation]
 63370 | Zot:4    | Lost mutation: Your magical capacity is low. (-10% MP)
                  | [potion of mutation]
 63370 | Zot:4    | Gained mutation: Potions are less effective at restoring
                  | your health. [potion of mutation]
 63370 | Zot:4    | Gained mutation: You have hidden genetic potential. [potion
                  | of mutation]
 63371 | Zot:4    | Lost mutation: Potions are less effective at restoring your
                  | health. [potion of mutation]
 63371 | Zot:4    | Lost mutation: You are weak. (Str -2) [potion of mutation]
 63371 | Zot:4    | Gained mutation: You have a beak for a mouth. [potion of
                  | mutation]
 63372 | Zot:4    | Lost mutation: You have a beak for a mouth. [potion of
                  | mutation]
 63372 | Zot:4    | Lost mutation: You are clumsy. (Dex -2) [potion of
                  | mutation]
 63372 | Zot:4    | Gained mutation: Armour fits poorly on your strangely
                  | shaped body. [potion of mutation]
 63372 | Zot:4    | Gained mutation: Your body often deteriorates upon taking
                  | damage. [potion of mutation]
 63372 | Zot:4    | Gained mutation: You are partially covered in iridescent
                  | scales. (AC +2) [potion of mutation]
 63373 | Zot:4    | Lost mutation: You are frail. (-10% HP) [potion of
                  | mutation]
 63373 | Zot:4    | Lost mutation: You have hidden genetic potential. [potion
                  | of mutation]
 63373 | Zot:4    | Lost mutation: Your body often deteriorates upon taking
                  | damage. [potion of mutation]
 63373 | Zot:4    | Gained mutation: You have a somewhat thin skeletal
                  | structure. (Dex +2, Stealth+) [potion of mutation]
 63373 | Zot:4    | Gained mutation: You have supernaturally acute eyesight.
                  | (SInv) [potion of mutation]
 63373 | Zot:4    | Gained mutation: You are clumsy. (Dex -2) [potion of
                  | mutation]
 63374 | Zot:4    | Lost mutation: Your body sometimes deteriorates upon taking
                  | damage. [potion of mutation]
 63374 | Zot:4    | Lost mutation: You are partially covered in iridescent
                  | scales. (AC +2) [potion of mutation]
 63374 | Zot:4    | Lost mutation: You have supernaturally acute eyesight.
                  | (SInv) [potion of mutation]
 63374 | Zot:4    | Gained mutation: You have sharp toenails. [potion of
                  | mutation]
 63374 | Zot:4    | Gained mutation: You passively map a small area around you.
                  | [potion of mutation]
 63375 | Zot:4    | Lost mutation: You have a somewhat thin skeletal structure.
                  | (Dex +2, Stealth+) [potion of mutation]
 63375 | Zot:4    | Lost mutation: Armour fits poorly on your strangely shaped
                  | body. [potion of mutation]
 63375 | Zot:4    | Gained mutation: Your muscles are strong. (Str +4, Int/Dex
                  | -1) [potion of mutation]
 63375 | Zot:4    | Gained mutation: Your flesh is cold resistant. (rC+)
                  | [potion of mutation]
 63418 | Zot:5    | Killed a Killer Klown
 63466 | Zot:5    | Killed Tiamat
 63722 | Zot:5    | Got the Orb of Zot
 64195 | D:12     | Noticed Rygimpad the pandemonium lord
 64240 | D:12     | Killed Rygimpad the pandemonium lord
 64623 | D:3      | Noticed Zoim the pandemonium lord
 64646 | D:3      | Killed Zoim the pandemonium lord
 64769 | D:$      | Escaped with the Orb!

Illustrated notes

Levels and vault maps discovered:
D:1:      dpeg_arrival_another_circle, layout_basic,
          nicolae_ecumenical_snake_handling, serial_aquarium,
          aquarium_bridge_straight [aquarium_subvault_bridge,
          aquarium_subvault_window, aquarium_subvault_bridge,
          aquarium_subvault_window], aquarium_window_fake, aquarium_window_1,
          aquarium_view_2c, aquarium_view_2e, minmay_tetromino_o4
D:2:      layout_basic, serial_rivers, chequers_serial_rivers_large_b,
          chequers_serial_rivers_room_b, chequers_serial_rivers_small_b,
          chequers_serial_rivers_micro_e, chequers_serial_rivers_small_3
D:3:      layout_basic, nicolae_ru_path_of_blood, uniq_natasha,
          uniq_crazy_yiuf_cottage
D:4:      layout_basic, mainiacjoe_overflow_brackets
D:5:      layout_cave_pools, kennysheep_mini_moat
D:6:      nicolae_cairo_tiling_very_big, layout_basic, nicolae_uskayaw_suspiria,
          uniq_edmund
D:7:      layout_basic, minmay_temple_entry_grid, minmay_fractal_squares_5
D:8:      layout_cave_pods, david_lair_generic
D:9:      layout_loops_ring, mainiacjoe_overflow_paths, kennysheep_mini,
          orc_0_dummy
D:10:     layout_roguey, mainiacjoe_overflow_catwalk, serial_shops,
          nicolae_shop_trees
D:11:     layout_gridville, dk_noncrumbling_4, grunt_ministairs_5,
          nicolae_diode_quadrants
D:12:     layout_basic
D:13:     layout_basic, david_vaults_4, nicolae_ashenzari_skybound, uniq_erolcha
D:14:     layout_loops_ring, serial_bayou_pond_b, minmay_more_statues
D:15:     grunt_enter_depths_hoard, layout_loops_cross, minmay_crystal_water,
          pdpol_wu_jian_five_deadly_venoms
Temple:   nicolae_temple_bog_church
Lair:1:   layout_chaotic_city, gauntlet_entry_generic
Lair:2:   layout_regular_city, elwin_shoals_entry_rocks,
          grunt_forest_stairs_clearing
Lair:3:   layout_cave_pods, guppyfry_snake_entry_island,
          ebering_ghost_disaster_area, nicolae_quartered_pool_impasse,
          lemuel_fruit_tree, uniq_urug
Lair:4:   layout_misc_corridors, slime_entry_1, grunt_megastairs_1,
          infiniplex_staircase_pool_2
Lair:5:   hangedman_lair_tendril_chambers, layout_misc_corridors,
          guppyfry_lair_end_dragon, nicolae_lair_lindhole
Shoals:1: layout_shoals, nzn_prometheus_bound
Shoals:2: layout_shoals, serial_shops, shop, uniq_aizul
Shoals:3: layout_shoals, nicolae_shoals_land_atoll, nicolae_shop_clearance
Shoals:4: shoals_end_grunt_ice, layout_shoals, serial_shops, shop,
          portal_ice_cave_entry_pillars_1, nicolae_shoals_this_corrosion
Snake:1:  layout_basic
Snake:2:  layout_misc_corridors, nicolae_snake_bzzzt
Snake:3:  layout_concentric_octagons, grunt_ministairs_11,
          nicolae_snake_boneroom
Snake:4:  grunt_snake_rune_serpentine_throne, layout_rooms, serial_bayou_shore_b
Orc:1:    gammafunk_beogh_shrine, layout_caves, mines5_lemuel
Orc:2:    grunt_orc_cross, layout_caves, basic_altar, uniq_saint_roka
Vaults:1: nicolae_vaults_network_quincunx
          [nicolae_vaults_network_quincunx_subvault,
          nicolae_vaults_network_quincunx_subvault,
          nicolae_vaults_network_quincunx_subvault,
          nicolae_vaults_network_quincunx_subvault,
          nicolae_vaults_network_quincunx_subvault],
          vaults_mumra_minichess_inversion, v_misc_23, v_misc_24,
          hangedman_vaults_restitches, vaults_room_pools, vaults_dpeg_ring,
          vaults_room_stairs_pillars, vaults_room_hallway,
          layout_vaults_chaotic_city, serial_shops, nicolae_shop_trees
Vaults:2: minmay_crypt_entry_simple_corners, hellmonk_guarded_unrand_gong,
          nicolae_vaults_angled_halls, hangedman_vaults_slither,
          hangedman_vaults_corner_blocks, hangedman_vaults_stream,
          nicolae_vaults_shelves_hall, vaults_room_hallway, v_misc_29,
          nicolae_vaults_shelves_hall, vaults_room_pool, ontoclasm_vaults_tryst,
          vaults_room_corners, layout_vaults_omnicross, serial_shops,
          nicolae_shop_competitors_out_of_business
Vaults:3: ebering_ghost_gozag, st_octagons_1, nicolae_vaults_rhombus_6,
          nicolae_vaults_little_squares_3, nicolae_vaults_circle_grid_b,
          hangedman_vaults_hat, nicolae_vaults_diagonal_hallway_7,
          v_alt_pattern_4, ontoclasm_vaults_eye,
          hangedman_vaults_stretched_pinwheel, nicolae_vaults_network_star,
          ontoclasm_vaults_decontamination, ontoclasm_vaults_ring_small,
          layout_vaults_omnibox, enter_trove_2
Vaults:4: v_misc_17, vaults_room_fours, nicolae_vaults_yaktaur_gun_rack,
          nicolae_vaults_angled_halls, ontoclasm_vaults_idyll, v_pattern_3,
          v_misc_24, layout_vaults_omnigrid, serial_shops, nicolae_diamond_shop
Vaults:5: uniq_xtahua, uniq_margery
Depths:1: layout_gridlike, grunt_pan_entry_sceptre, hell_entry,
          minmay_splitting_lines, kennysheep_four_rooms,
          infiniplex_staircase_pool_lava, minmay_shoptagon, uniq_bai_suzhen,
          uniq_nikola
Depths:2: evilmike_wizard_prison, layout_gridlike, enter_ziggurat_a,
          rand_demon_pan_entry_1, grunt_mini_vestibule, abyss_entry,
          minmay_staircase_statues, serial_bayou_shore_b, uniq_josephina
Depths:3: kennysheep_demon_jail, layout_long_grid, hell_entry,
          nicolae_abyss_entry_one_way_or_another, minmay_evil_grid
Depths:4: grunt_x_marks_the_spot, layout_cross, fedhas_altar_2, hellmouth_1,
          minmay_misc_feat_hallway, reverse_door_vault, serial_bayou_shore_b
Zot:1:    lemuel_halls_of_wrath, layout_misc_corridors,
          nicolae_transmutations_shop, st_single_dragon_hoard_2,
          lemuel_baited_zot_trap
Zot:2:    layout_onion
Zot:3:    layout_concentric_octagons, drop_trap, st_stairs_3
Zot:4:    lemuel_draconian_sentries, layout_cathedral_of_symmetry
Zot:5:    layout_basic, st_stairs_2, hangedman_zot_diagonal_lockstep,
          grunt_ministairs_1, uniq_tiamat

Skill      XL: |  1  2  3  4  5  6  7  8  9 10 11 12 13 14 15 16 17 18 19 20 21 22 23 24 25 26 |
---------------+-------------------------------------------------------------------------------+-----
Maces & Flails | 1 2 3 4 6 7 9 11 12 | 12.3
Fighting       | 2 3 4 5 7 11 13 15 16 19 21 23 24 26 | 26.4
Armour         | 4 5 7 10 13 15 17 20 21 23 | 23.3
Dodging        | 3 5 9 11 13 | 13.1
Evocations     | 4 5 7 9 10 | 10.7
Invocations    | 5 9 12 14 16 17 19 20 21 22 24 25 26 27 | 27.0
Shields        | 7 10 12 15 16 | 16.0
Stealth        | |  1.1

Action                   |  1- 3 |  4- 6 |  7- 9 | 10-12 | 13-15 | 16-18 | 19-21 | 22-24 | 25-27 || total
-------------------------+-------+-------+-------+-------+-------+-------+-------+-------+-------++-------
Melee: Club              |    56 |       |       |       |       |       |       |       |       ||    56
       Short sword       |    68 |    54 |       |       |       |       |       |       |       ||   122
       Punch             |       |     1 |     7 |     8 |       |       |       |       |       ||    16
       Mace              |       |    47 |   444 |  1034 |   118 |       |       |       |       ||  1643
       Whip              |       |       |       |       |  2037 |  3072 |  3099 |       |       ||  8208
       Demon whip        |       |       |       |       |       |       |   161 |  1703 |  1465 ||  3329
Invok: Upheaval          |       |       |       |    11 |    13 |    21 |    11 |    16 |    12 ||    84
       Elemental Force   |       |       |       |     1 |     3 |       |     1 |     1 |     2 ||     8
       Disaster Area     |       |       |       |       |       |     4 |     6 |     6 |     4 ||    20
 Abil: Evoke Blink       |       |       |       |       |       |       |     1 |       |       ||     1
Evoke: Wand              |       |     7 |    18 |    26 |    12 |     6 |    14 |       |    11 ||    94
       Condenser vane    |       |       |       |       |       |       |       |     2 |       ||     2
       Lightning rod     |       |       |       |       |       |       |       |       |     1 ||     1
  Use: Scroll            |     4 |     1 |     6 |    12 |    10 |     5 |    13 |     2 |     7 ||    60
       Potion            |       |     6 |     2 |     7 |     6 |     2 |    10 |     1 |    16 ||    50
 Stab: Betrayed ally     |       |       |       |     1 |       |       |       |       |       ||     1
       Invisible         |       |       |       |     1 |       |       |       |       |       ||     1
       Paralysed         |       |       |       |       |       |       |     2 |       |     1 ||     3
       Distracted        |       |       |       |       |       |       |       |     2 |       ||     2
Armor: Leather armour    |    56 |       |       |       |       |       |       |       |       ||    56
       Ring mail         |     8 |     3 |       |       |       |       |       |       |       ||    11
       Scale mail        |       |    18 |       |       |       |       |       |       |       ||    18
       Chain mail        |       |    35 |   270 |    86 |       |       |       |       |       ||   391
       Plate armour      |       |       |       |   516 |   727 |   991 |   990 |   736 |   531 ||  4491
Dodge: Dodged            |    77 |    45 |   283 |   567 |   273 |   466 |   287 |   270 |   189 ||  2457
       Repelled          |       |       |       |       |     6 |    51 |     4 |    16 |    26 ||   103
Block: Other             |       |    14 |   110 |   234 |     6 |       |       |       |       ||   364
       Reflection        |       |       |     7 |     6 |    15 |       |       |       |       ||    28
       Buckler           |       |       |       |   286 |   661 |   498 |       |       |       ||  1445
       Kite shield       |       |       |       |       |       |  1265 |  2526 |  2278 |  1693 ||  7762

Table legend: (Time is in decaauts)
 A = Elapsed time spent in this place.
 B = Non-inter-level travel time spent in this place.
 C = Inter-level travel time spent in this place.
 D = Time resting spent in this place.
 E = Time spent auto-exploring this place.
 F = Levels seen in this place.
 G = Mean time per level.
                   A        B        C        D        E       F      G
               +--------+--------+--------+--------+--------+-----+--------+
         Total |  60925 |  55167 |   5758 |   7609 |  33998 |  47 | 1296.3 |
       Dungeon |  19184 |  16400 |   2784 |   2068 |  11067 |  15 | 1278.9 |
        Temple |    231 |    192 |     39 |      0 |    175 |   1 |  231.0 |
          Lair |   9786 |   9399 |    387 |   2467 |   5211 |   5 | 1957.2 |
        Shoals |   4055 |   3875 |    180 |     90 |   2803 |   4 | 1013.8 |
     Snake Pit |   4003 |   3882 |    121 |    295 |   2423 |   4 | 1000.8 |
  Orcish Mines |   1887 |   1704 |    183 |    367 |    913 |   2 |  943.5 |
        Vaults |   8744 |   7888 |    856 |    706 |   5070 |   5 | 1748.8 |
        Depths |   6094 |   5246 |    848 |    379 |   3390 |   4 | 1523.5 |
           Zot |   6328 |   5971 |    357 |   1162 |   2631 |   5 | 1265.6 |
         Trove |     36 |     36 |      0 |      0 |      2 |   1 |   36.0 |
      Gauntlet |    573 |    573 |      0 |     73 |    309 |   1 |  573.0 |
               +--------+--------+--------+--------+--------+-----+--------+

Top non-repeatable levels by time:
  Lair:2: 2197 daAuts
Vaults:2: 2116 daAuts
Depths:2: 2042 daAuts
  Lair:3: 2026 daAuts
  Lair:4: 1972 daAuts
  Lair:1: 1922 daAuts
Vaults:1: 1910 daAuts
    D:15: 1878 daAuts
   Zot:4: 1821 daAuts
     D:6: 1804 daAuts
     D:1: 1789 daAuts
Vaults:3: 1729 daAuts
     D:7: 1705 daAuts
Vaults:4: 1680 daAuts
  Lair:5: 1667 daAuts
